 Dungeon Crawl Stone Soup version 0.16.1-30-g34a7ffa (webtiles) character file.

99 Olidot the Conjurer (level 4, -4/24 HPs)
             Began as a Deep Elf Conjurer on June 21, 2015.
             Slain by a gnoll (6 damage)
             ... on level 3 of the Dungeon.
             The game lasted 00:22:09 (2010 turns).

Olidot the Conjurer (Deep Elf Conjurer)             Turns: 2010, Time: 00:22:09

Health: -4/24      AC:  2    Str: 10    XL:     4   Next: 45%
Magic:  13/13      EV: 13    Int: 24    God:
Gold:   123        SH:  0    Dex: 18    Spells: 1 memorised, 8 levels left

rFire  . . .     SeeInvis .     v - +1 dagger (venom)
rCold  . . .     Clarity  .     n - +0 robe
rNeg   . . .     SustAb   .     (no shield)
rPois  .         Gourm    .     (no helmet)
rElec  .         Spirit   .     (no cloak)
rCorr  .         Warding  .     (no gloves)
rMut   .         Stasis   .     (no boots)
MR     .....                    (no amulet)
Stlth  ++........               y - +3 ring of intelligence (curse)
                                q - +3 ring of dexterity

@: mighty, invisible, not resistant to hostile enchantments, unstealthy
A: no striking features
a: no special abilities


You were on level 3 of the Dungeon.
You were not hungry.

You visited 1 branch of the dungeon, and saw 3 of its levels.

You collected 123 gold pieces.

Inventory:

Hand weapons
 l - a +0 spear of venom
 v - a +1 dagger of venom (weapon)
Armour
 g - a +0 leather armour
 n - a +0 robe (worn)
Jewellery
 q - a +3 ring of dexterity (left hand)
 u - an uncursed ring of ice
 y - a cursed +3 ring of intelligence (right hand)
Scrolls
 f - 2 scrolls of remove curse
 j - a scroll of enchant weapon {unknown}
 p - a scroll of immolation {unknown}
 r - a scroll of noise {unknown}
 s - a scroll of identify
 t - a scroll of fog {unknown}
 w - a scroll of random uselessness {unknown}
Potions
 d - 2 potions of agility
 e - a potion of cancellation
 m - a potion of magic
 x - a potion of poison
Books
 c - a book of Conjurations

   Spells                             Type                      Level
   a - Magic Dart                     Conjuration                  1
   b - Searing Ray                    Conjuration                  2
   c - Dazzling Spray                 Conjuration/Hexes            3
   d - Fulminant Prism                Conjuration/Hexes            4
   e - Iskenderun's Mystic Blast      Conjuration                  4
   f - Iskenderun's Battlesphere      Conjuration/Charms           5
Comestibles
 a - a meat ration
 b - 2 bread rations
 i - 2 fruits
 z - a beef jerky


   Skills:
 - Level 2.5 Dodging
 - Level 2.4 Stealth
 - Level 3.2 Spellcasting
 + Level 6.4 Conjurations


You had 8 spell levels left.
You knew the following spells:

 Your Spells              Type           Power        Failure   Level  Hunger
a - Magic Dart            Conj           ####         1%          1    None


Dungeon Overview and Level Annotations

Branches:
Dungeon (3/15)

Altars:
Nemelex Xobeh


Message History

The orc barely misses you. The gnoll completely misses you.
The orc priest barely misses you. The gnoll closely misses you.
You see here a club.
The orc priest mumbles some strange prayers to Beogh against you.
Something smites you!
Ouch! That really hurt!
* * * LOW HITPOINT WARNING * * *
The orc priest's eyes start to glow.
You hear the slow rusting of a distant drain.
Casting: Magic Dart
Confirm with . or Enter, or press ? or * to list all spells.
Okay, then.
It was a potion of might.
You feel very mighty all of a sudden.
Found a stone staircase leading up.
It was a potion of invisibility.
You fade into invisibility!
The gnoll hits you.
You die...

#.#.#####.# #.#
#.#.....#.# #.#
#.##..#.#.# #.#
..##..#.#.# #.###
## ##.#.#.###....
#..........#
#..##.##...#
#...#.#<...#
.#####.#.###@.#
#.......#..g.g.#
######.)####o###.#
..........o..o....#
#######..###.#####
............o....
########'###+####


og. ..... You could see an orc priest, 2 gnolls and 2 orcs.

Vanquished Creatures
  3 adders
  A giant mite (D:2)
  2 worms (D:2)
  3 giant geckos (D:2)
  2 ball pythons
  4 bats
  4 giant cockroaches
  5 goblins
  13 hobgoblins
  3 jackals (D:1)
  A quokka (D:2)
  A giant newt (D:2)
  6 kobolds
48 creatures vanquished.

Notes
Turn   | Place    | Note
--------------------------------------------------------------
     0 | D:1      | Olidot, the Deep Elf Conjurer, began the quest for the Orb.
     0 | D:1      | Reached XP level 1. HP: 10/10 MP: 5/5
   494 | D:1      | Reached XP level 2. HP: 15/15 MP: 3/8
   734 | D:1      | Reached skill level 5 in Conjurations
  1259 | D:2      | Reached XP level 3. HP: 19/19 MP: 6/11
  1426 | D:2      | Reached skill level 6 in Conjurations
  1428 | D:2      | Reached XP level 4. HP: 24/24 MP: 1/13
  1535 | D:2      | Found a sparkling altar of Nemelex Xobeh.
  2010 | D:3      | Slain by a gnoll

Action                   |  1- 3 |  4- 6 || total
-------------------------+-------+-------++-------
Melee: Spear             |    15 |       ||    15
       Dagger            |       |    13 ||    13
 Cast: Magic Dart        |    71 |    28 ||    99
  Use: Potion            |     2 |     5 ||     7
       Scroll            |     2 |       ||     2
  Eat: Chunk             |     1 |     2 ||     3
